 Dungeon Crawl Stone Soup version 0.17-a0-1748-g222fba8 (webtiles) character file.

4 ololoev the Caller (level 1, 0/14 HPs)
             Began as a Draconian Summoner on Sept 1, 2015.
             Slain by a hobgoblin (4 damage)
             ... on level 1 of the Dungeon.
             The game lasted 00:01:26 (542 turns).

ololoev the Caller (Draconian Summoner)              Turns: 542, Time: 00:01:26

Health: 0/14       AC:  4    Str: 10    XL:     1   Next: 50%
Magic:  3/3        EV: 12    Int: 15    God:
Gold:   27         SH:  0    Dex: 11    Spells: 1 memorised, 3 levels left

rFire  . . .     SeeInvis .     (no weapon)
rCold  . . .     Clarity  .     (armour unavailable)
rNeg   . . .     SustAt   .     (no shield)
rPois  .         Gourm    .     (helmet restricted)
rElec  .         Spirit   .     (no cloak)
rCorr  .         Warding  .     (no gloves)
rMut   .         Stasis   .     (no boots)
MR     .....                    (no amulet)
Stlth  ++........               (no ring)
                                (no ring)

@: not resistant to hostile enchantments, unstealthy
A: unfitting armour, cold-blooded, AC +4
a: no special abilities


Innate Abilities, Weirdness & Mutations

Your plain brown scales are hard (AC +4).
Your body does not fit into most forms of armour.
You are cold-blooded and may be slowed by cold attacks.

Inventory:

Scrolls
 d - 2 scrolls of remove curse {unknown}
Books
 a - a book of Callings

   Spells                             Type                      Level
   a - Summon Small Mammal            Summoning                    1
   b - Call Imp                       Summoning                    2
   c - Call Canine Familiar           Summoning                    3
   d - Summon Guardian Golem          Hexes/Summoning              3
   e - Summon Lightning Spire         Summoning/Air                4
   f - Summon Ice Beast               Ice/Summoning                4
Comestibles
 b - a bread ration


   Skills:
 - Level 1.7 Dodging
 - Level 1.7 Stealth
 + Level 2.1 Spellcasting
 * Level 4.1 Summonings


You had 3 spell levels left.
You knew the following spells:

 Your Spells              Type           Power        Failure   Level  Hunger
a - Summon Small Mammal   Summ           ##..         4%          1    #......


You were on level 1 of the Dungeon.
You were not hungry.

You visited 1 branch of the dungeon, and saw 1 of its levels.

You collected 27 gold pieces.

#...# #.# . #
###...###.#######.# .
#...........#.....#
.###.......###....####
.#.........# #........#
.........#.###....###..
.....)...#..........#
.........###[####.#.#
.........# #.#.g@.#.#
.........# #.#.####.#
.#.......# #.#.# #.#
.#.####.## #.#.# #.###
##.####### #.#.# #...#
.........# ###.# ###.#
..⌠....... ### #.#
.......... #†#
.......⌠.. #.#

Notes
Turn   | Place    | Note
--------------------------------------------------------------
     0 | D:1      | ololoev the Draconian Summoner began the quest for the Orb.
     0 | D:1      | Reached XP level 1. HP: 14/14 MP: 3/3
   542 | D:1      | Slain by a hobgoblin

Dungeon Overview and Level Annotations

Branches:
Dungeon (1/15)

Altars:


Message History

The hobgoblin barely misses your rat.
Casting: Summon Small Mammal
Confirm with . or Enter, or press ? or * to list all spells.
Your rat closely misses the hobgoblin.
The hobgoblin hits your rat.
You swap places.
The hobgoblin completely misses your rat.
Your rat completely misses the hobgoblin.
Your rat bites the hobgoblin.
The hobgoblin closely misses your rat.
Your rat bites the hobgoblin.
Your rat bites the hobgoblin but does no damage.
The hobgoblin closely misses your rat.
Your rat bites the hobgoblin.
Your rat barely misses the hobgoblin.
The hobgoblin barely misses your rat.
Your rat bites the hobgoblin.
Your rat barely misses the hobgoblin.
The hobgoblin barely misses your rat.
Your rat bites the hobgoblin but does no damage.
Your rat barely misses the hobgoblin.
The hobgoblin hits your rat.
Your rat dies!
Your rat's corpse disappears in a puff of smoke!
Your rat bites the hobgoblin.
The hobgoblin hits your rat.
Your rat bites the hobgoblin.
Your rat disappears in a puff of smoke!
The hobgoblin barely misses you.
You hit the hobgoblin but do no damage.
The hobgoblin is almost dead.
The hobgoblin hits you but does no damage.
You closely miss the hobgoblin.
The hobgoblin is almost dead.
The hobgoblin misses you.
You hit the hobgoblin but do no damage.
The hobgoblin is almost dead.
The hobgoblin hits you.
You barely miss the hobgoblin.
The hobgoblin is almost dead.
The hobgoblin closely misses you.
You hit the hobgoblin but do no damage.
The hobgoblin is almost dead.
The hobgoblin hits you.
You die...

You could see a hobgoblin.

Vanquished Creatures
  A giant cockroach (D:1)
  A rat (D:1)
2 creatures vanquished.

Vanquished Creatures (collateral kills)
  A giant gecko (D:1)
  A hobgoblin (D:1)
2 creatures vanquished.

Grand Total: 4 creatures vanquished

Action                   || total
-------------------------++-------
Melee: Unarmed           ||    36
 Cast: Summon Small Mamm ||     7
 Stab: Sleeping          ||     1

Vault maps used:
D:1:      dpeg_arrival_water_temple_mockup, serial_bayou_lagoon_a
